 Dungeon Crawl Stone Soup version 0.18.1-50-g88ac8fd (webtiles) character file.

177 Amnesiac the Cutter (level 5, -1/61 HPs)
             Began as a Merfolk Fighter on Mar 5, 2018.
             Killed from afar by an orc wizard (5 damage)
             ... with a magic dart
             ... on level 5 of the Dungeon.
             The game lasted 00:04:48 (2091 turns).

Amnesiac the Cutter (Merfolk Fighter)               Turns: 2091, Time: 00:04:50

Health: -1/61      AC:  8    Str: 22    XL:     5   Next: 57%
Magic:  5/5        EV:  7    Int:  8    God:
Gold:   80         SH:  9    Dex: 13    Spells: 0 memorised, 4 levels left

rFire  . . .     SeeInvis .     a - +0 rapier
rCold  . . .     Gourm    .     b - +0 scale mail
rNeg   . . .     Faith    .     c - +0 shield
rPois  .         Spirit   .     n - +0 helmet
rElec  .         Dismiss  .     (no cloak)
rCorr  .         Reflect  .     (no gloves)
SustAt .         Harm     .     e - +0 pair of boots
MR     .....                    q - amulet of regeneration
Stlth  ..........               (no ring)
                                (no ring)

@: berserking, very quick, not resistant to hostile enchantments, extremely
unstealthy
A: change form in water, swift swim
a: no special abilities


You were on level 5 of the Dungeon.
You were not hungry.

You visited 1 branch of the dungeon, and saw 5 of its levels.

You collected 80 gold pieces.

Inventory:

Hand Weapons
 a - a +0 rapier (weapon)
Armour
 b - a +0 scale mail (worn)
 c - a +0 shield (worn)
 e - a +0 pair of boots (worn)
 n - a +0 helmet (worn)
Jewellery
 q - an amulet of regeneration (around neck)
Wands
 h - a wand of random effects (21/48)
Scrolls
 g - 2 scrolls of identify {!r, unknown}
 i - a scroll of fog {!r, unknown}
 l - 3 scrolls of remove curse {!r, unknown}
 r - a scroll of random uselessness {!r, unknown}
 s - a scroll of blinking {!r, unknown}
Potions
 d - a potion of might {!q}
 k - a potion of lignification {!q, unknown}
 m - a potion of brilliance {!q, unknown}
 p - a potion of berserk rage {!q}
Comestibles
 f - 2 bread rations
 j - a beef jerky
 o - a royal jelly
 t - 2 chunks of flesh


   Skills:
 - Level 3.2 Fighting
 + Level 6.8 Short Blades
 - Level 2.1 Armour
 - Level 3.0 Shields


You had 4 spell levels left.
You didn't know any spells.

Dungeon Overview and Level Annotations

Branches:
Dungeon (5/15)
 Temple: D:4-7

Altars:
Ashenzari
Okawaru
Sif Muna
Vehumet
Xom
Yredelemnul

Shops:
D:4 *

Annotations:
D:4 Sigmund


Message History

The orc wizard miscasts a cantrip.
The orc priest calls upon Beogh to heal the orc wizard.
The orc wizard is healed somewhat.
You hit the orc wizard.
The orc wizard is severely wounded.
You hit the orc wizard but do no damage.
The orc wizard is severely wounded.
The orc wizard gestures wildly while chanting.
The orc wizard seems to speed up.
The orc priest hits you with a flail!
* * * LOW HITPOINT WARNING * * *
The orc wizard barely misses you.
You hit the orc wizard but do no damage.
The orc wizard is severely wounded.
The orc priest hits you with a flail.
* * * LOW HITPOINT WARNING * * *
You block the orc wizard's attack.
Unknown command.
You hit the orc wizard but do no damage.
The orc wizard is severely wounded.
You block the orc wizard's attack.
The orc priest hits you but does no damage.
You hit the orc wizard.
The orc wizard is almost dead.
You block the orc wizard's attack.
The orc wizard gestures wildly while chanting.
The orc wizard flickers and vanishes!
Deactivating autopickup; reactivate with Ctrl-A.
The orc priest mumbles some strange prayers to Beogh against you.
Beogh smites you!
* * * LOW HITPOINT WARNING * * *
Unknown command.
You miss something.
You hear some strange, mumbled words.
A puff of flame appears from out of thin air!
The puff of flame hits you!
The orc priest hits you but does no damage.
An orc comes into view. It is wielding a flail.
Drink which item? (? for menu, Esc to quit)
Really quaff
p - 2 inky potions {!q}?
It was a potion of berserk rage {!q}.
A red film seems to cover your vision as you go berserk!
You feel yourself moving faster!
You feel mighty!
The orc shouts!
You hear some strange, mumbled words.
A puff of flame appears from out of thin air!
The puff of flame hits you!
* * * LOW HITPOINT WARNING * * *
Something hits you but does no damage.
You puncture the orc priest!
The orc priest is heavily wounded.
You block the orc priest's attack. Something hits you but does no damage.
You barely miss the orc priest.
The orc priest is heavily wounded.
You hear some strange, mumbled words.
A magic dart appears from out of thin air!
The magic dart hits you!
* * * LOW HITPOINT WARNING * * *
The orc priest hits you with a flail.
* * * LOW HITPOINT WARNING * * *
You closely miss the orc priest.
The orc priest is heavily wounded.
You hear some strange, mumbled words.
A magic dart appears from out of thin air!
The magic dart hits you!
You die...

##..# #..###########
#.##........<# #.##.........#
###.##.........#
##...##.........#
###..####........>#
###...#{o...........# #.
####...o.<@##..........# #.
#.....######...........#
#.#####...###...............##
#.#......###..####..........#
#...#..#####.## #..........#
...#..## ##..# #..........#
#.#.## #..## ##.)......##
##...# ##.## ##.........>#
#....####o.# #>..........#


You could see an orc priest and an orc.

Vanquished Creatures
  The ghost of Amnesiac the Covered, a weakling DEFi (D:4)
  An orc priest (D:5)
  A jelly (D:5)
  Robin (D:4)
  2 adders
  A worm (D:3)
  4 orcs
  A giant cockroach (D:2)
  11 goblins
  5 hobgoblins
  4 jackals (D:4)
  4 quokkas
  4 giant newts
  2 kobolds (D:3)
  A quokka zombie (D:5)
  2 rats
  A spectral orc (D:4)
46 creatures vanquished.

Vanquished Creatures (others)
  2 plants (D:4)
2 creatures vanquished.

Grand Total: 48 creatures vanquished

Notes
Turn   | Place    | Note
--------------------------------------------------------------
     0 | D:1      | Amnesiac the Merfolk Fighter began the quest for the Orb.
     0 | D:1      | Reached XP level 1. HP: 18/18 MP: 1/1
    46 | D:2      | Reached skill level 3 in Short Blades
    80 | D:3      | Reached XP level 2. HP: 21/24 MP: 2/2
    84 | D:3      | Found an iron altar of Okawaru.
   121 | D:4      | Noticed Amnesiac's ghost (weakling DEFi)
   311 | D:3      | Found a shimmering altar of Xom.
   355 | D:4      | Killed Amnesiac's ghost
   355 | D:4      | Reached skill level 4 in Short Blades
   355 | D:4      | Reached XP level 3. HP: 18/29 MP: 3/3
   607 | D:4      | Reached skill level 5 in Short Blades
   615 | D:4      | Found a radiant altar of Vehumet.
   617 | D:4      | Found a shattered altar of Ashenzari.
   626 | D:4      | Reached XP level 4. HP: 32/35 MP: 4/4
   646 | D:4      | Noticed Sigmund
   783 | D:4      | Found Kumok's Assorted Antiques.
   849 | D:4      | Noticed Robin
   861 | D:4      | Killed Robin
   923 | D:4      | Found a deep blue altar of Sif Muna.
  1706 | D:4      | Found a basalt altar of Yredelemnul.
  1878 | D:5      | Entered Level 5 of the Dungeon
  1879 | D:5      | Reached skill level 6 in Short Blades
  1879 | D:5      | Reached XP level 5. HP: 41/41 MP: 5/5
  2091 | D:5      | Killed from afar by an orc wizard

Skill      XL: |  1  2  3  4 |
---------------+-------------+-----
Short Blades   | 3 4 5 6 |  6.8
Fighting       | |  3.2
Armour         | |  2.1
Shields        | |  3.0

Action                   |  1- 3 |  4- 6 || total
-------------------------+-------+-------++-------
Melee: Rapier            |    45 |   171 ||   216
Evoke: Wand              |     3 |     1 ||     4
  Use: Potion            |       |     1 ||     1
  Eat: Chunk             |       |     4 ||     4
Armor: Scale mail        |    10 |    48 ||    58
Dodge: Dodged            |    11 |    34 ||    45
Block: Shield            |    30 |    71 ||   101
